 Dungeon Crawl Stone Soup version 0.22-a0-271-gc000056 (webtiles) character file.

51 grindst0ne the Shield-Bearer (level 3, 0/20 HPs)
             Began as a Vine Stalker Fighter on Mar 10, 2018.
             Slain by a worm (4 damage)
             ... on level 2 of the Dungeon.
             The game lasted 00:01:19 (834 turns).

grindst0ne the Shield-Bearer (Vine Stalker Fighter)  Turns: 834, Time: 00:01:20

Health: 0/20       AC:  6    Str: 18    XL:     3   Next: 81%
Magic:  0/4        EV:  7    Int:  9    God:
Gold:   43         SH:  9    Dex: 13    Spells: 2/2 levels left

rFire    . . .     SeeInvis .   a - +0 rapier
rCold    . . .     Gourm    .   c - +0 shield
rNeg     . . .     Faith    .   b - +0 scale mail
rPois    .         Spirit   +   (no helmet)
rElec    .         Reflect  .   (no cloak)
rCorr    .         Harm     .   (no gloves)
MR       .....                  (no boots)
Stlth    ..........             (no amulet)
HPRegen  0.06/turn              (no ring)
MPRegen  0.09/turn              (no ring)

@: no status effects
A: fangs 2, magic shield, antimagic bite, no potion heal 3, rot immunity
a: no special abilities


You were on level 2 of the Dungeon.
You were not hungry.

You visited 1 branch of the dungeon, and saw 2 of its levels.

You collected 43 gold pieces.

Inventory:

Hand Weapons
 a - a +0 rapier (weapon)
Armour
 b - a +0 scale mail (worn)
 c - a +0 shield (worn)
Scrolls
 e - 3 scrolls of identify {unknown}
 i - a scroll of amnesia {unknown}
 k - 2 scrolls of teleportation {unknown}
Potions
 d - a potion of might
 h - 2 potions of curing {unknown}
 j - a potion of flight {unknown}
 l - a potion of heal wounds {unknown}
Comestibles
 f - 2 rations
 g - 4 chunks of flesh


   Skills:
 + Level 3.5 Fighting
 - Level 1.7 Short Blades
 - Level 2.4 Armour
 + Level 3.5 Shields


You had 2 spell levels left.
You didn't know any spells.

Dungeon Overview and Level Annotations

Branches:
Dungeon (2/15)

Altars:
Sif Muna


Innate Abilities, Weirdness & Mutations

You have extremely sharp teeth.
When hurt, damage is shared between your health and your magic reserves.
Your bite disrupts and absorbs the magic of your enemies.
Potions cannot restore your health.
You are immune to rotting.


Message History

The worm barely misses you.
You hit the worm.
The worm is lightly wounded.
You hit the worm.
The worm is moderately wounded.
The worm bites you.
* * * LOW HITPOINT WARNING * * *
You hit the worm. Your bite misses the worm.
The worm is moderately wounded.
You block the worm's attack.
You completely miss the worm. You bite the worm. You drain its power.
You feel invigorated.
The worm is moderately wounded.
The worm bites you but does no damage.
You puncture the worm!
The worm is severely wounded.
You hit the worm. Your bite misses the worm.
The worm is almost dead.
The worm bites you!
You die...

.###.........###..##
#.#.##............#
#..#.........###.##
##..#.#.#####.# #.#
###.........# #.# #.#
.....#.#.#.# #.# #.#
##.#.#.#.#.###.###.#
####..........##.....#
.......@......##.#######
#.##...w......##.#......
#.#...........#..#...
#.#...<.>..#..#_..... #
.........†..#..#...
##........#.##......
#####.####.########
#...##...##.#
#.........#.#


You could see a worm.

Vanquished Creatures
  3 adders (D:2)
  A dart slug (D:1)
  A leopard gecko (D:1)
  2 hobgoblins (D:1)
  A ball python (D:2)
  5 bats (D:1)
  3 frilled lizards
  3 goblins
  3 kobolds
  4 rats (D:1)
26 creatures vanquished.

Notes
Turn   | Place    | Note
-------+----------+-------------------------------------------
     0 | D:1      | grindst0ne the Vine Stalker Fighter began the quest for the Orb.
     0 | D:1      | Reached XP level 1. HP: 11/11 MP: 2/2
   162 | D:1      | Reached XP level 2. HP: 13/16 MP: 3/3
   597 | D:2      | Reached XP level 3. HP: 20/20 MP: 4/4
   780 | D:2      | Found a deep blue altar of Sif Muna.
   834 | D:2      | Slain by a worm

Vault maps used:
D:1:      elethiomel_arrival_infinity_welcomes_careful_drivers,
          minmay_misc_feat_enclosed
D:2:      lemuel_coloured_pillars_altar, nicolae_qazlal_general_emergency,
          minmay_misc_feat_roman

Skill      XL: |  1 |
---------------+----+-----
Fighting       | 3 |  3.5
Shields        | 3 |  3.5
Short Blades   | |  1.7
Armour         | |  2.4

Action                   || total
-------------------------++-------
Melee: Rapier            ||    91
       Bite              ||    15
Armor: Scale mail        ||    46
Dodge: Dodged            ||    25
Block: Shield            ||    52

Table legend:
 A = Spawn XP
 B = Non-spawn XP
 C = Spawn XP percentage of total XP
 D = Spawn monster count
 E = Non-spawn monster count
 F = Spawn count percentage of total count
 G = Total turns spent on level
                    A         B        C        D         E        F      G
               +---------+---------+-------+---------+---------+-------+---------
         Total |       0 |      73 |   0.0 |       0 |      26 |   0.0 |   834
               +---------+---------+-------+---------+---------+-------+---------
           D:1 |       0 |      27 |   0.0 |       0 |      18 |   0.0 |   590
           D:2 |       0 |      46 |   0.0 |       0 |       8 |   0.0 |   244
               +---------+---------+-------+---------+---------+-------+---------
